 Dungeon Crawl Stone Soup version 0.21-b1-23-g1fb0a74c36 (webtiles) character file.

14094 macho981 the Cleaver (level 11, -6/99 HPs)
             Began as a Minotaur Berserker on Jan 6, 2018.
             Was a High Priest of Trog.
             Drowned by a drowned soul (11 damage)
             ... summoned by a merfolk avatar
             ... on level 1 of the Shoals.
             The game lasted 00:59:36 (9320 turns).

macho981 the Cleaver (Minotaur Berserker)           Turns: 9320, Time: 00:59:37

Health: -6/99      AC: 19    Str: 33    XL:     11   Next: 84%
Magic:  10/10      EV: 12    Int:  4    God:    Trog [*****.]
Gold:   295        SH:  0    Dex: 13    Spells: 10/10 levels left

rFire    x . .     SeeInvis .   Y - +3 executioner's axe (chop)
rCold    + + +     Gourm    .   (shield currently unavailable)
rNeg     . . .     Faith    +   W - +6 chain mail of the Nexus {rF- rC+++ Regen+ Dex+3}
rPois    +         Spirit   .   (helmet restricted)
rElec    .         Reflect  .   V - +0 cloak
rCorr    .         Harm     .   (no gloves)
MR       +....     Clarity  +   (no boots)
Stlth    ..........             P - amulet of faith
HPRegen  0.66/turn              p - +3 ring of strength
MPRegen  0.12/turn              L - +5 ring of strength

@: barbed spikes, berserk cooldown, slowed, very slow
A: retaliatory headbutt, horns 2, clarity, magic resistance 1, poison resistance
a: Berserk, Trog's Hand, Brothers in Arms, Burn Spellbooks, Renounce Religion


You were on level 1 of the Shoals.
You worshipped Trog.
Trog was extremely pleased with you.
You were full.

You visited 4 branches of the dungeon, and saw 14 of its levels.

You collected 833 gold pieces.
You spent 538 gold pieces at shops.

Inventory:

Hand Weapons
 T - a +0 vampiric war axe
 Y - a +3 executioner's axe of chopping (weapon)
Missiles
 r - 4 javelins of penetration (quivered)
Armour
 Q - a +2 ring mail of fire resistance
 V - a +0 cloak (worn)
 W - the +6 chain mail of the Nexus (worn) {rF- rC+++ Regen+ Dex+3}
   (You bought it in a shop on level 9 of the Dungeon)

   It affects your dexterity (+3).
   It makes you vulnerable to fire.
   It renders you almost immune to cold.
   It increases your rate of regeneration.
Jewellery
 d - an uncursed ring of protection from magic
 k - an uncursed ring of protection from fire
 p - a +3 ring of strength (left hand)
 A - an uncursed amulet of regeneration
 C - an uncursed ring of fire
 H - the amulet "Rophevet" {Inacc rPois MR- Str+4 Int+3}
   (You found it on level 10 of the Dungeon)

   [amulet of inaccuracy]

   It reduces the accuracy of all your attacks.
   It affects your strength (+4).
   It affects your intelligence (+3).
   It protects you from poison.
   It affects your resistance to hostile enchantments.
 L - a +5 ring of strength (right hand)
 P - an amulet of faith (around neck)
Wands
 f - a wand of random effects (17)
 l - a wand of paralysis (7)
 q - a wand of iceblast (7)
 R - a wand of acid (8)
 Z - a wand of polymorph (34)
Scrolls
 e - 4 scrolls of magic mapping
 g - 7 scrolls of teleportation
 s - 2 scrolls of enchant armour
 t - 2 scrolls of immolation
 w - a scroll of noise
 y - a scroll of fog {unknown}
 F - 5 scrolls of remove curse
 G - 2 scrolls of vulnerability
 O - 2 scrolls of fear
 S - a scroll of holy word
 U - 2 scrolls of blinking {unknown}
Potions
 b - a potion of experience {unknown}
 i - 3 potions of heal wounds
 j - a potion of magic {unknown}
 m - 5 potions of invisibility
 o - 2 potions of might
 u - a potion of haste {unknown}
 v - 3 potions of degeneration
 x - 3 potions of ambrosia {unknown}
 B - 3 potions of cancellation
 D - 3 potions of flight {unknown}
 M - 4 potions of curing
 X - a potion of mutation
Books
 J - a book of Cantrips

   Spells                             Type                      Level
   a - Confusing Touch                Hexes                        1
   b - Animate Skeleton               Necromancy                   1
   c - Summon Small Mammal            Summoning                    1
   d - Apportation                    Translocation                1
   Trog disapproves of the use of such an item.
 N - a book of Necromancy

   Spells                             Type                      Level
   a - Pain                           Necromancy                   1
   b - Animate Skeleton               Necromancy                   1
   c - Vampiric Draining              Necromancy                   3
   d - Regeneration                   Charms/Necromancy            3
   e - Animate Dead                   Necromancy                   4
   f - Borgnjor's Vile Clutch         Necromancy/Earth             5
   Trog disapproves of the use of such an item.
Miscellaneous
 a - a lamp of fire
 h - a sack of spiders
 z - a lightning rod (4/4)
Comestibles
 c - 16 rations


   Skills:
 + Level 10.1 Fighting
 + Level 14.9 Axes
 + Level 2.2 Throwing
 + Level 11.6 Armour
 + Level 5.5 Dodging
 + Level 1.6 Stealth
   Level 5.1 Shields


You had 10 spell levels left.
You didn't know any spells.

Dungeon Overview and Level Annotations

Branches:
Dungeon (10/15)            Temple (1/1) D:4            Lair (2/6) D:10
 Shoals (1/4) Lair:2          Orc (0/2) D:9
  Snake: Lair:2-4    Spider: Lair:2-4

Altars:
Ashenzari
Cheibriados
Dithmenos
Elyvilon
Fedhas
Gozag
Hepliaklqana
Kikubaaqudgha
Makhleb
Nemelex Xobeh
Okawaru
Qazlal
Ru
Sif Muna
Trog
Uskayaw
Vehumet
Wu Jian
Xom
Yredelemnul
Zin
The Shining One

Shops:
D:6 ((?   D:8 (   D:9 [*}


Innate Abilities, Weirdness & Mutations

You reflexively headbutt those who attack you in melee.
You have a pair of horns on your head.
You possess an exceptional clarity of mind.
You are resistant to hostile enchantments. (MR+)
Your system is resistant to poisons. (rPois)


Message History

The barbed spikes dig painfully into your body as you move.
* * * LOW HITPOINT WARNING * * *
The merfolk avatar chants a haunting song.
You are unaffected.
You enter the shallow water.
Moving in this stuff is going to be slow.
The barbed spikes dig painfully into your body as you move.
* * * LOW HITPOINT WARNING * * *
The merfolk avatar chants a haunting song.
You are unaffected.
The drowned soul touches you. The drowned soul drowns you!
* * * LOW HITPOINT WARNING * * *
The merfolk avatar chants a haunting song.
You are unaffected.
You see here a wand of paralysis (16).
You feel better.
The drowned soul returns to the deep!
The drowned soul touches you. The drowned soul drowns you!
* * * LOW HITPOINT WARNING * * *
The merfolk avatar chants a haunting song.
You are unaffected.
The drowned soul touches you. The drowned soul drowns you!
You die...

≈≈≈≈≈≈≈≈≈≈≈≈≈≈≈≈≈≈≈≈≈≈
≈≈≈≈≈≈≈≈≈≈≈≈≈≈≈≈≈≈≈≈≈≈
≈≈≈≈≈≈≈≈≈≈≈≈≈≈≈≈≈≈≈≈≈≈
≈≈≈≈≈≈≈≈≈≈≈≈≈≈≈≈≈≈≈≈≈≈≈≈≈
≈≈≈≈≈≈≈≈≈≈≈≈≈≈≈≈≈≈m≈≈W≈≈≈
≈≈≈≈≈≈≈≈≈≈≈≈≈)≈≈≈≈≈≈≈≈≈≈≈
≈≈≈≈≈≈≈≈≈≈≈†)....≈≈≈≈≈≈≈≈
≈≈≈≈≈≈≈≈≈≈..###..≈≈≈≈≈≈≈≈
≈≈≈≈≈≈≈≈≈≈≈## #.@≈≈≈≈≈≈≈≈
≈≈≈≈≈≈≈≈≈≈.# #.≈≈≈≈≈≈≈..
≈≈≈≈≈≈≈≈)..# #.≈≈≈≈≈≈≈...
≈≈≈≈≈≈≈≈.####.≈≈≈≈≈≈≈≈≈.#
≈≈≈≈≈≈≈%## #.≈≈≈≈≈≈≈≈≈##
≈≈≈≈≈≈≈.# #.≈≈≈≈≈≈≈≈.#
≈≈≈≈≈≈≈.# ..≈≈≈≈≈≈≈≈≈.
≈≈≈≈≈≈..# ..≈≈≈≈≈≈≈≈≈≈.
≈≈≈≈≈≈<##


You could see a merfolk avatar and a drowned soul.

Vanquished Creatures
  A hydra (Lair:2)
  Erica (D:8)
  A two-headed ogre (D:8)
  A merfolk aquamancer (Shoals:1)
  The ghost of Torax the Destroyer, a journeyman TeCj of Okawaru (D:10)
  Nergalle (Lair:2)
  A merfolk siren (Shoals:1)
  A manticore (Shoals:1)
  A black mamba (Lair:2)
  Joseph (D:8)
  5 spiny frogs
  2 komodo dragons
  A kobold demonologist (D:8)
  A troll (D:9)
  A merfolk (Shoals:1)
  Prince Ribbit (D:8)
  3 hippogriffs
  2 water elementals (Shoals:1)
  6 yaks
  A steam dragon (D:9)
  Menkaure (D:4)
  2 insubstantial wisps (D:9)
  A water moccasin (Lair:2)
  3 ice beasts (D:6)
  2 orc warriors
  3 sky beasts (D:9)
  A phantom (D:9)
  3 wolves (Lair:1)
  4 ogres
  A centaur (D:5)
  A crocodile (Lair:1)
  4 big kobolds
  9 bullfrogs
  A gnoll sergeant (D:10)
  A water moccasin zombie (D:7)
  A scorpion (D:4)
  A water moccasin skeleton (D:8)
  A killer bee (D:8)
  6 howler monkeys
  An electric eel (Lair:2)
  2 crimson imps
  A quasit (D:7)
  A bullfrog zombie (D:6)
  2 hounds
  A jelly (D:9)
  8 orc wizards
  2 iguanas
  3 worker ants
  2 hound skeletons
  Robin (D:4)
  A howler monkey zombie (D:9)
  12 gnolls
  8 adders
  A howler monkey skeleton (D:6)
  2 shadow imps
  An ooze (D:1)
  3 adder zombies
  2 worms
  4 dart slugs
  3 leopard geckos
  22 orcs
  A ball python (D:3)
  4 giant cockroaches
  13 goblins
  9 hobgoblins
  2 jackals (D:1)
  24 kobolds
  5 quokkas
  6 bats
  2 frilled lizards
  A leopard gecko skeleton (D:6)
  6 rats
  3 bushes (D:6)
  2 butterflies (D:4)
  4 fungi
  11 plants
255 creatures vanquished.

Vanquished Creatures (others)
  A shadow imp (D:10)
  4 plants
5 creatures vanquished.

Grand Total: 260 creatures vanquished

Notes
Turn   | Place    | Note
-------+----------+-------------------------------------------
     0 | D:1      | macho981 the Minotaur Berserker began the quest for the Orb.
     0 | D:1      | Reached XP level 1. HP: 19/19 MP: 0/0
   191 | D:1      | Reached XP level 2. HP: 27/27 MP: 1/1
   860 | D:2      | Reached skill level 4 in Axes
   860 | D:2      | Reached XP level 3. HP: 33/33 MP: 2/2
   899 | D:2      | Reached ** piety under Trog
   997 | D:2      | Found a shimmering altar of Xom.
  1379 | D:3      | Reached XP level 4. HP: 41/41 MP: 3/3
  1613 | D:3      | Reached skill level 1 in Stealth
  1691 | D:3      | Reached skill level 5 in Axes
  2166 | D:4      | Noticed Menkaure
  2174 | D:4      | Killed Menkaure
  2174 | D:4      | Reached skill level 5 in Fighting
  2174 | D:4      | Reached XP level 5. HP: 27/48 MP: 4/4
  2401 | D:4      | Noticed Robin
  2413 | D:4      | Reached skill level 6 in Axes
  2429 | D:4      | Killed Robin
  2429 | D:4      | Reached XP level 6. HP: 32/56 MP: 5/5
  2690 | D:4      | Found a staircase to the Ecumenical Temple.
  2699 | D:4      | Reached *** piety under Trog
  2712 | Temple   | Entered the Ecumenical Temple
  3094 | D:5      | Entered Level 5 of the Dungeon
  3098 | D:5      | Reached skill level 7 in Axes
  3098 | D:5      | Reached XP level 7. HP: 57/61 MP: 6/6
  3518 | D:5      | Found a shattered altar of Ashenzari.
  3518 | D:5      | Found a shadowy altar of Dithmenos.
  3518 | D:5      | Found a stormy altar of Qazlal.
  3647 | D:6      | Found Curorux's Antique Armour Boutique.
  3705 | D:6      | Found Yqin's Weapon Emporium.
  3869 | D:6      | Reached skill level 8 in Axes
  3911 | D:6      | Found Keoschaet's Antique Weapon Shoppe.
  3922 | D:6      | Reached skill level 5 in Armour
  3976 | D:6      | Reached XP level 8. HP: 70/70 MP: 7/7
  3989 | D:6      | Reached skill level 1 in Shields
  4196 | D:6      | Reached skill level 9 in Axes
  4470 | D:6      | Found Nyagg's Magic Scroll Shoppe.
  4480 | D:6      | Bought a scroll of identify for 26 gold pieces
  4767 | D:7      | Reached skill level 1 in Throwing
  5508 | D:8      | Noticed Erica
  5508 | D:8      | Noticed a two-headed ogre
  5508 | D:8      | Noticed a hippogriff
  5515 | D:8      | Killed Erica
  5515 | D:8      | Reached skill level 10 in Axes
  5515 | D:8      | Reached XP level 9. HP: 79/79 MP: 8/8
  5518 | D:8      | Reached **** piety under Trog
  5524 | D:8      | Killed a two-headed ogre
  5659 | D:8      | Reached skill level 11 in Axes
  5663 | D:8      | Noticed a kobold demonologist
  5673 | D:8      | Killed a kobold demonologist
  5814 | D:8      | Noticed Joseph
  5827 | D:8      | Killed Joseph
  5827 | D:8      | Reached XP level 10. HP: 88/88 MP: 9/9
  5949 | D:8      | Noticed Prince Ribbit
  5956 | D:8      | Killed Prince Ribbit
  6211 | D:8      | Found a sparkling altar of Nemelex Xobeh.
  6214 | D:8      | Found a bloodstained altar of Trog.
  6324 | D:8      | Found Sokhouca's Weapon Emporium.
  6493 | D:9      | Found Cyhuare's Assorted Antiques.
  6508 | D:9      | Reached ***** piety under Trog
  6549 | D:9      | Bought a scroll of identify for 58 gold pieces
  6549 | D:9      | Bought a scroll of identify for 58 gold pieces
  6549 | D:9      | Bought a cloak for 130 gold pieces
  6556 | D:9      | Gained mutation: You are resistant to hostile enchantments. (MR+) [potion of mutation]
  6556 | D:9      | Gained mutation: Your system is resistant to poisons. (rPois) [potion of mutation]
  6556 | D:9      | Gained mutation: You possess an exceptional clarity of mind. [potion of mutation]
  6625 | D:9      | Found a staircase to the Orcish Mines.
  6735 | D:9      | Found Fiureawn's Antique Armour Shop.
  6742 | D:9      | Bought a twisted chain mail for 266 gold pieces
  6752 | D:9      | Identified the +6 chain mail of the Nexus {rF- rC+++ Regen+ Dex+3} (You bought it in a shop on level 9 of the Dungeon)
  6899 | D:9      | Reached skill level 10 in Armour
  6919 | D:9      | Reached skill level 12 in Axes
  6990 | D:9      | Got a fine diamond amulet
  6998 | D:9      | Identified the amulet "Hosusa" {Gourm rC+ MR+ Dex+2} (You found it on level 9 of the Dungeon)
  7140 | D:9      | Found Tudag's Gadget Shop.
  7154 | D:9      | Received a gift from Trog
  7323 | D:10     | Entered Level 10 of the Dungeon
  7398 | D:10     | Noticed Torax's ghost (journeyman TeCj)
  7420 | D:10     | Killed Torax's ghost
  7456 | D:10     | Got a warped ruby amulet
  7473 | D:10     | Identified the amulet "Rophevet" {Inacc rPois MR- Str+4 Int+3} (You found it on level 10 of the Dungeon)
  7532 | D:10     | Received a gift from Trog
  7532 | D:10     | Reached skill level 13 in Axes
  7614 | D:10     | Reached skill level 5 in Shields
  7695 | D:10     | Found a staircase to the Lair.
  7712 | Lair:1   | Entered Level 1 of the Lair of Beasts
  7828 | Lair:1   | Noticed a spiny frog
  7830 | Lair:1   | Noticed a spiny frog
  7837 | Lair:1   | Killed a spiny frog
  7837 | Lair:1   | Reached XP level 11. HP: 59/95 MP: 10/10
  8829 | Lair:2   | Noticed Nergalle
  8835 | Lair:2   | Killed Nergalle
  8835 | Lair:2   | Reached skill level 5 in Dodging
  8871 | Lair:2   | Reached skill level 14 in Axes
  8923 | Lair:2   | Noticed a seven-headed hydra
  8933 | Lair:2   | Killed a nine-headed hydra
  9272 | Lair:2   | Found a staircase to the Shoals.
  9281 | Shoals:1 | Entered Level 1 of the Shoals
  9296 | Shoals:1 | Noticed a merfolk aquamancer
  9301 | Shoals:1 | Killed a merfolk aquamancer
  9302 | Shoals:1 | Reached skill level 10 in Fighting
  9306 | Shoals:1 | Noticed a merfolk avatar
  9320 | Shoals:1 | Drowned by a drowned soul

Skill      XL: |  1  2  3  4  5  6  7  8  9 10 11 |
---------------+----------------------------------+-----
Fighting       | 4 5 6 7 8 10 | 10.1
Axes           | 4 5 6 7 8 10 11 13 14 | 14.9
Stealth        | 1 |  1.6
Armour         | 3 5 7 9 10 11 | 11.6
Dodging        | 3 4 5 |  5.5
Shields        | 2 3 5 |  5.1
Throwing       | 1 2 |  2.2

Action                   |  1- 3 |  4- 6 |  7- 9 | 10-12 || total
-------------------------+-------+-------+-------+-------++-------
Melee: Hand axe          |    50 |    89 |   361 |    32 ||   532
       Headbutt          |     5 |    17 |   118 |    67 ||   207
       War axe           |       |       |       |   108 ||   108
       Executioner's axe |       |       |       |   103 ||   103
Throw: Tomahawk          |       |       |     7 |       ||     7
       Javelin           |       |       |       |     5 ||     5
Invok: Berserk           |     2 |     3 |     7 |     7 ||    19
       Trog's Hand       |       |       |     1 |       ||     1
       Burn Spellbooks   |       |       |       |     1 ||     1
  Use: Scroll            |     4 |     9 |       |     7 ||    20
       Potion            |     1 |       |       |     4 ||     5
  Eat: Ration            |     1 |     3 |     5 |     7 ||    16
Armor: Animal skin       |     4 |       |       |       ||     4
       Leather armour    |     2 |     4 |       |       ||     6
       Chain mail        |       |    47 |    97 |   124 ||   268
Dodge: Dodged            |    30 |    46 |    75 |   145 ||   296
Block: Buckler           |       |       |    20 |    39 ||    59
